cohdb
Replays
Latest Replays
All Replays
Popular Replays
Top Player Replays
Match Explorer
How It Works
Community
CoH3 Stats
Reddit
Sign in to upload your games and track your stats! →
Sign in with Steam
Match 40230085
Unlisted
Match 40230085
Overview
Messages
Build Orders
End
Engineer Squad
Construct Weapon Support Center
Selects Heavy Weapons
M1919 Machine Gun Team
M1919 Machine Gun Team
Scout Squad
Engineer Squad
Construct Medical Station
Selects M2HB .50cal Heavy Machine Gun
Infantry Support Center
M3 Armored Personnel Carrier
Mortar Pit
Mortar Pit
Selects Rapid Reposition
Construct Tank Depot
Selects Bolstered Team Weapons
Mortar Pit
M4(105) Sherman Bulldozer
Selects Assault Carriers
Selects Exchangeable Parts
Mortar Pit
M4(105) Sherman Bulldozer
Bazooka Squad
Mortar Pit
M4(105) Sherman Bulldozer
Mortar Pit
M4(105) Sherman Bulldozer
Hunter™
SNIPER
Saueee
Leo invictum
0
0
Comments
sign in to comment!
No comments posted yet!